 Dungeon Crawl Stone Soup version 0.28.0-53-g5a82cb258f (webtiles) character file.

Game seed: 13656903594168082431

75 LustLizard the Chiller (level 4, 0/32 HPs)
             Began as a Human Ice Elementalist on Aug 6, 2022.
             Slain by a bullfrog skeleton (5 damage)
             ... on level 3 of the Dungeon.
             The game lasted 00:05:54 (2935 turns).

LustLizard the Chiller (Human Ice Elementalist)     Turns: 2935, Time: 00:05:54

Health: 0/32       AC:  5    Str:  8    XL:     4   Next: 55%
Magic:  2/7        EV: 12    Int: 18    God:
Gold:   69         SH:  0    Dex: 13    Spells: 4/8 levels left

rFire   . . .      SeeInvis +   c - +0 dagger
rCold   . . .      Faith    .   (no shield)
rNeg    . . .      Spirit   .   a - +0 robe
rPois   .          Reflect  .   (no helmet)
rElec   .          Harm     .   j - scarf {+Inv}
rCorr   .          Rampage  .   m - +2 pair of gloves
Will    .....                   (no boots)
Stlth   ++........              (no amulet)
HPRegen 0.10/turn               p - ring of see invisible
MPRegen 0.10/turn               (no ring)

@: freezing walls
A: no striking features
a: Evoke Invisibility


You were on level 3 of the Dungeon.
You visited 1 branch of the dungeon, and saw 3 of its levels.

You collected 69 gold pieces.

Inventory:

Hand Weapons
 b - a +0 club
 c - a +0 dagger (weapon)
Missiles
 l - 3 poisoned darts
Armour
 a - a +0 robe (worn)
 e - a +0 cloak
 j - a scarf of invisibility (worn)
 m - a +2 pair of gloves (worn)
Jewellery
 p - a ring of see invisible (left hand)
Scrolls
 d - 2 scrolls of immolation {unknown}
 f - 4 scrolls of teleportation
 g - 2 scrolls of magic mapping {unknown}
 i - a scroll of vulnerability {unknown}
 k - 2 scrolls of identify {unknown}
 r - a scroll of blinking {unknown}
Potions
 h - a potion of ambrosia {unknown}
 n - a potion of heal wounds {unknown}
 o - a potion of haste {unknown}
 q - a potion of attraction {unknown}


   Skills:
 + Level 1.0 Fighting
 - Level 2.3 Dodging
 + Level 2.7 Stealth
 + Level 2.5 Spellcasting
 * Level 4.7 Ice Magic


You had 4 spell levels left.
You knew the following spells:

 Your Spells              Type           Power      Damage    Failure   Level
a - Freeze                Ice            76%        1d9       2%          1
b - Frozen Ramparts       Ice            38%        1d5       8%          3

Your spell library contained the following spells:

 Spells                   Type           Power      Damage    Failure   Level
 Ozocubu's Armour         Ice            19%        N/A       8%          3
 Slow                     Hex            8%         N/A       17%         1
 Confusing Touch          Hex            2%         N/A       45%         3
 Dazzling Flash           Conj/Hex       4%         N/A       45%         3
 Vampiric Draining        Necr           2%         2d6       45%         3
 Hailstorm                Conj/Ice       10%        3d5       54%         4
 Agony                    Necr           2%         N/A       99%         5
 Silence                  Hex/Air        1%         N/A       99%         5


Dungeon Overview and Level Annotations

Branches:
Dungeon (3/15)

Altars:

Shops:
D:3 *:


Message History

The bullfrog skeleton hits you.
You hit the bullfrog skeleton.
The bullfrog skeleton is moderately damaged.
The bullfrog skeleton hits you.
You hit the bullfrog skeleton.
The bullfrog skeleton is moderately damaged.
The bullfrog skeleton hits you.
* * * LOW HITPOINT WARNING * * *
The bullfrog skeleton barely misses you.
You hit the bullfrog skeleton.
The bullfrog skeleton is heavily damaged.
The bullfrog skeleton barely misses you.
Casting: Freeze (safe; 2% risk of failure)
Confirm with . or Enter, or press ? or * to list all spells.
The spell is quite dangerous to miscast (8% risk of failure)!
Continue anyway?
Okay, then.
Casting: Frozen Ramparts (quite dangerous; 8% risk of failure)
Confirm with . or Enter, or press ? or * to list all spells.
The spell is quite dangerous to miscast (8% risk of failure)!
Continue anyway?
Casting: Frozen Ramparts (quite dangerous; 8% risk of failure)
Press: ? - help, Dir - look around, f - activate The walls around you are covered in ice.
The bullfrog skeleton completely resists.
The wall freezes the bullfrog skeleton but does no damage.
The bullfrog skeleton barely misses you.
You hit the bullfrog skeleton.
The bullfrog skeleton is heavily damaged.
The bullfrog skeleton completely resists.
The wall freezes the bullfrog skeleton but does no damage.
The bullfrog skeleton hits you.
* * * LOW HITPOINT WARNING * * *
The bullfrog skeleton completely resists.
The wall freezes the bullfrog skeleton but does no damage.
The bullfrog skeleton hits you but does no damage.
You hit the bullfrog skeleton.
The bullfrog skeleton is heavily damaged.
The bullfrog skeleton completely resists.
The wall freezes the bullfrog skeleton but does no damage.
The bullfrog skeleton hits you.
You die...

##...#...#
##......###
##......##
######.......##
#.............#
#
#.####.......##
... ##.....##
#..#####...##
#....Z@...##
#.....######
...###. . ..
##. ##


You could see a bullfrog skeleton.

Vanquished Creatures
  An adder (D:2)
  2 worms
  2 dart slugs (D:1)
  An orc (D:2)
  7 ball pythons
  4 endoplasms (D:1)
  2 giant cockroaches
  8 hobgoblins
  4 jackals (D:1)
  2 quokkas
  2 bats (D:1)
  3 frilled lizards
  4 goblins
  5 kobolds
  4 rats
51 creatures vanquished.

Notes
Turn   | Place    | Note
-------+----------+-------------------------------------------
     0 | D:1      | LustLizard the Human Ice Elementalist began the quest for
                  | the Orb.
     0 | D:1      | Reached XP level 1. HP: 13/13 MP: 3/3
   205 | D:1      | Reached XP level 2. HP: 19/19 MP: 3/5
   560 | D:1      | Reached XP level 3. HP: 18/24 MP: 0/6
   896 | D:1      | Found a faded altar of an unknown god.
   938 | D:1      | Learned a level 3 spell: Frozen Ramparts
  2021 | D:2      | Reached XP level 4. HP: 31/31 MP: 7/7
  2753 | D:3      | Reached skill level 1 in Fighting
  2799 | D:3      | Found Ucry's Book Boutique.
  2805 | D:3      | Found Wiaddij's General Store.
  2935 | D:3      | Slain by a bullfrog skeleton

Illustrated notes

Levels and vault maps discovered:
D:1:      amcnicky_arrival_gap_in_the_tavern_cellar, layout_loops_ring,
          hellmonk_ecumenical_altar_leap_of_faith, minmay_pentomino_z4
D:2:      layout_basic
D:3:      layout_loops_ring, serial_shops, shop_statue, nicolae_shop_trees,
          nicolae_shop_crystal, shop, shop_fountains, minmay_pentomino_pile,
          uniq_jessica, uniq_ijyb

Skill      XL: |  1  2  3  4 |
---------------+-------------+-----
Fighting       | 1 |  1.0
Dodging        | |  2.3
Stealth        | |  2.7
Spellcasting   | |  2.5
Ice Magic      | |  4.7

Action                   |  1- 3 |  4- 6 || total
-------------------------+-------+-------++-------
Melee: Dagger            |    68 |    21 ||    89
       Punch             |     2 |       ||     2
 Cast: Freeze            |    48 |    17 ||    65
       Frozen Ramparts   |     1 |     2 ||     3
  Use: Scroll            |     1 |       ||     1
 Stab: Sleeping          |     5 |     1 ||     6
Armor: Robe              |    25 |     7 ||    32
Dodge: Dodged            |    71 |    21 ||    92
